 Dungeon Crawl Stone Soup version 0.22-a0-605-g9281fa2 (webtiles) character file.

42 Kaltorak the Chopper (level 3, -2/33 HPs)
             Began as a Hill Orc Berserker on July 7, 2018.
             Was a Follower of Trog.
             Slain by a gnoll
             ... wielding a +0 whip
              (5 damage)
             ... on level 2 of the Dungeon.
             The game lasted 00:02:43 (1129 turns).

Kaltorak the Chopper (Hill Orc Berserker)           Turns: 1129, Time: 00:02:44

Health: -2/33      AC:  8    Str: 20    XL:     3   Next: 54%
Magic:  3/3        EV:  8    Int:  7    God:    Trog [*.....]
Gold:   52         SH:  0    Dex: 10    Spells: 2/2 levels left

rFire    . . .     SeeInvis .   a - +0 hand axe
rCold    . . .     Gourm    .   (no shield)
rNeg     + . .     Faith    .   l - +0 chain mail
rPois    .         Spirit   .   (no helmet)
rElec    .         Reflect  .   (no cloak)
rCorr    .         Harm     .   (no gloves)
MR       .....                  (no boots)
Stlth    ..........             (no amulet)
HPRegen  0.11/turn              d - ring of positive energy
MPRegen  0.08/turn              (no ring)

@: no status effects
A: no striking features
a: Berserk, Renounce Religion


You were on level 2 of the Dungeon.
You worshipped Trog.
Trog was aware of your devotion.
You were not hungry.

You visited 1 branch of the dungeon, and saw 2 of its levels.

You collected 52 gold pieces.

Inventory:

Hand Weapons
 a - a +0 hand axe (weapon)
Missiles
 m - 12 arrows
Armour
 l - a +0 chain mail (worn)
Jewellery
 d - a ring of positive energy (left hand)
Scrolls
 g - 2 scrolls of identify {unknown}
 i - 2 scrolls of immolation {unknown}
 n - a scroll of enchant armour {unknown}
 o - a scroll of amnesia {unknown}
 p - a scroll of enchant weapon {unknown}
Potions
 b - a potion of lignification {unknown}
 e - a potion of curing {unknown}
 f - 2 potions of brilliance {unknown}
 h - a potion of agility {unknown}
 j - a potion of mutation {unknown}
Comestibles
 c - 3 rations
 k - a chunk of flesh


   Skills:
 + Level 4.2 Fighting
 * Level 5.3 Axes
 + Level 2.4 Armour
 - Level 1.5 Dodging


You had 2 spell levels left.
You didn't know any spells.
Your spell library was empty.

Dungeon Overview and Level Annotations

Branches:
Dungeon (2/15)

Altars:


Message History

You are too injured to fight recklessly!
You are too injured to fight recklessly!
You are too injured to fight recklessly!
You completely miss the gnoll.
The gnoll is severely wounded.
You barely miss the gnoll. You hit the gnoll.
The gnoll hits you but does no damage. The gnoll hits you.
The gnoll hits you but does no damage.
You hit the gnoll.
The gnoll is severely wounded.
You hit the gnoll. x2; The gnoll hits you with a whip.
* * * LOW HITPOINT WARNING * * *
The gnoll closely misses you. x2
You barely miss the gnoll.
The gnoll is severely wounded.
You hit the gnoll but do no damage. x2; The gnoll closely misses you.
The gnoll hits you but does no damage. The gnoll hits you with a spear.
* * * LOW HITPOINT WARNING * * *
The gnoll hits you but does no damage. The gnoll hits you with a whip.
You die...

##.#....#.........#
...#....#.........# ...
#..############'#####..##
#..# #.# ....>.. #..# #.#
....... #..# #.# .......
#..# #.# ....... #..#
#(##g...(.. #..#
#.@gg....# #..#
...........#....
PP........!...♣.
♣P............♣
P.P.........##♣
♣..P.######... ♣♣... ###♣
.P##


You could see 3 gnolls.

Vanquished Creatures
  2 adders (D:2)
  3 goblins
  5 hobgoblins
  5 kobolds
  4 bats
  5 rats
24 creatures vanquished.

Notes
Turn   | Place    | Note
-------+----------+-------------------------------------------
     0 | D:1      | Kaltorak the Hill Orc Berserker began the quest for the Orb.
     0 | D:1      | Reached XP level 1. HP: 19/19 MP: 1/1
   275 | D:1      | Reached XP level 2. HP: 22/27 MP: 2/2
   776 | D:2      | Reached skill level 5 in Axes
   776 | D:2      | Reached XP level 3. HP: 15/33 MP: 3/3
  1129 | D:2      | Slain by a gnoll

Vault maps used:
D:1:      kennysheep_arrival_forest
D:2:      old_standard_altar, serial_forest, infiniplex_forest_lined_2,
          infiniplex_forest_clump_medium, infiniplex_forest_fountain,
          infiniplex_forest_end_double, infiniplex_forest_straight_3,
          infiniplex_forest_lined_corner, infiniplex_forest_pool,
          infiniplex_forest_lined_room_2, grunt_ministairs_14, uniq_terence

Skill      XL: |  1  2 |
---------------+-------+-----
Fighting       | 4 |  4.2
Axes           | 5 |  5.3
Armour         | |  2.4
Dodging        | |  1.5

Action                   || total
-------------------------++-------
Melee: Hand axe          ||    95
  Eat: Chunk             ||     1
Armor: Animal skin       ||     6
       Chain mail        ||    50
Dodge: Dodged            ||    49

Table legend:
 A = Spawn XP
 B = Non-spawn XP
 C = Spawn XP percentage of total XP
 D = Spawn monster count
 E = Non-spawn monster count
 F = Spawn count percentage of total count
 G = Total turns spent on level
                    A         B        C        D         E        F      G
               +---------+---------+-------+---------+---------+-------+---------
         Total |       0 |      60 |   0.0 |       0 |      24 |   0.0 |  1129
               +---------+---------+-------+---------+---------+-------+---------
           D:1 |       0 |      18 |   0.0 |       0 |      12 |   0.0 |   716
           D:2 |       0 |      42 |   0.0 |       0 |      12 |   0.0 |   413
               +---------+---------+-------+---------+---------+-------+---------
